 Dungeon Sprint DCSS version 0.22-a0-433-gd2a9cce (webtiles) character file.

54 jerryfan the Thaumaturge (level 6, -12/49 HPs)
             Began as a Gnoll Wanderer on May 27, 2018.
             Hit by a large rock thrown by a cyclops (37 damage)
             ... in the Dungeon (Sprint VI: "Thunderdome").
             The game lasted 00:07:24 (323 turns).

jerryfan the Thaumaturge (Gnoll Wanderer)            Turns: 323, Time: 00:07:25

Health: -12/49     AC:  3    Str: 19    XL:     6   Next: 34%
Magic:  17/17      EV: 28    Int: 14    God:
Gold:   145        SH:  0    Dex: 11    Spells: 21/21 levels left

rFire    . . .     SeeInvis .   w - +0 shortbow
rCold    . . .     Gourm    .   (shield currently unavailable)
rNeg     . . .     Faith    .   t - +0 leather armour
rPois    +         Spirit   .   (no helmet)
rElec    .         Reflect  .   (no cloak)
rCorr    .         Harm     .   (no gloves)
MR       .....     NoTele   +   (no boots)
Stlth    ++........             q - amulet "Cekkent" {Acrobat rPois MR- Str+4}
HPRegen  0.16/turn              p - ring of Lugarcham {MR+ Int-3 Dex-2 Slay+2} (curse)
MPRegen  0.15/turn              (no ring)

@: hasted, very quick
A: distributed training, fangs 1, strong nose
a: no special abilities


You were in the Dungeon.
You were not hungry.

You visited 1 branch You collected 280 gold pieces.
You spent 135 gold pieces at shops.

Inventory:

Hand Weapons
 d - a +0 club
 o - a +0 scythe
 u - a +0 dagger
 w - a +0 shortbow (weapon)
Missiles
 v - 7 stones
 x - 14 arrows (quivered)
Armour
 c - a +0 robe
 t - a +0 leather armour (worn)
Jewellery
 p - the cursed ring of Lugarcham (left hand) {MR+ Int-3 Dex-2 Slay+2}
   (You bought it in a shop in the Dungeon)

   [ring of dexterity]

   It affects your intelligence (-3).
   It affects your dexterity (-2).
   It affects your accuracy and damage with ranged weapons and melee attacks
   (+2).
   It affects your resistance to hostile enchantments.
   It has a curse placed upon it.
 q - the amulet "Cekkent" (around neck) {Acrobat rPois MR- Str+4}
   (You bought it in a shop in the Dungeon)

   [amulet of the acrobat]

   It helps you evade while moving and waiting.
   It affects your strength (+4).
   It protects you from poison.
   It affects your resistance to hostile enchantments.
 r - the ring of the Shining Light {Int+3 Slay-3 Stlth-}
   (You bought it in a shop in the Dungeon)

   [ring of loudness]

   It affects your intelligence (+3).
   It affects your accuracy and damage with ranged weapons and melee attacks
   (-3).
   It makes you less stealthy.
Wands
 l - a wand of acid (2)
 m - a wand of iceblast (3)
Scrolls
 k - 4 scrolls of blinking
 n - 3 scrolls of fog
Potions
 a - a potion of resistance
 b - a potion of lignification
 e - a potion of curing
 g - 4 potions of heal wounds
 h - 3 potions of haste
 i - 2 potions of magic
 j - a potion of berserk rage
Comestibles
 f - a ration
 s - 13 chunks of flesh


   Skills:
 + Level 4.3 Fighting
 + Level 4.3 Short Blades
 + Level 4.3 Long Blades
 + Level 4.3 Axes
 + Level 4.3 Maces & Flails
 + Level 4.3 Polearms
 + Level 4.3 Staves
 + Level 4.3 Slings
 + Level 4.3 Bows
 + Level 4.3 Crossbows
 + Level 4.3 Throwing
 + Level 4.3 Armour
 + Level 4.3 Dodging
 + Level 4.3 Stealth
 + Level 5.1 Shields
 + Level 4.3 Unarmed Combat
 + Level 8.4 Spellcasting
 + Level 3.6 Conjurations
 + Level 3.6 Hexes
 + Level 4.2 Charms
 + Level 3.6 Summonings
 + Level 3.6 Necromancy
 + Level 4.2 Translocations
 + Level 3.6 Transmutations
 + Level 6.6 Fire Magic
 + Level 3.6 Ice Magic
 + Level 3.6 Air Magic
 + Level 3.6 Earth Magic
 + Level 3.6 Poison Magic
 + Level 4.8 Invocations
 + Level 5.1 Evocations


You had 21 spell levels left.
You didn't know any spells.
Your spell library contained the following spells:

 Spells                   Type           Power        Failure   Level  Hunger
 Magic Dart               Conj           ###.         3%          1    None
 Conjure Flame            Conj/Fire      ###.....     5%          3    ##.....
 Slow                     Hex            ###.....     4%          2    None
 Mephitic Cloud           Conj/Pois/Air  ###.....     10%         3    ##.....
 Blink                    Tloc           N/A          3%          2    None
 Call Imp                 Summ           ###.....     4%          2    None


Dungeon Overview and Level Annotations

Branches:
Dungeon (1/1)

Altars:
Cheibriados
Dithmenos
Fedhas
Gozag
Kikubaaqudgha
Makhleb
Okawaru
Qazlal
Ru
Sif Muna
Trog
Uskayaw
Vehumet
Wu Jian
Xom
Yredelemnul
Zin
The Shining One
Beogh
Jiyva
Lugonu

Shops:
D *[%??*?*:[((!!!!


Innate Abilities, Weirdness & Mutations

Your experience applies equally to all skills.
You have very sharp teeth.
Your uncanny sense of smell can sniff out nearby items.


Message History

The arrow hits the cyclops but does no damage.
The cyclops throws a large rock.
The large rock completely misses you.
You see here a large rock.
Firing (i - inventory. (/) - cycle)
x - 16 arrows (quivered)
Press: ? - help, Shift-Dir - straight line, f/p - cyclops
Aim: a cyclops (translocational energy)
You shoot an arrow. The arrow hits the cyclops!
The cyclops is lightly wounded.
The cyclops throws a large rock.
The large rock completely misses you.
You see here a large rock.
Firing (i - inventory. (/) - cycle)
x - 15 arrows (quivered)
Press: ? - help, Shift-Dir - straight line, f/p - cyclops
Aim: a cyclops (translocational energy, lightly wounded)
You shoot an arrow. The arrow hits the cyclops.
The cyclops is moderately wounded.
A hippogriff comes into view.
A merfolk comes into view. It is wielding a trident.
The cyclops throws a large rock.
The large rock hits you!!!
Ouch! That really hurt!
You die...

###.........###
#⌠...........⌠#
######.8.........8.#####
##∩.__......###......___∩
###∩........8.# #.8........
##.............###..........
#⌠..........###...###.......
#⌠......[...# #.<.# #.......
#⌠.........@###...###.......
##..........((.###..........
###∩........8(# #.8........
##∩___..)...###......___∩
######.8.........8.#####
#C..........H§#
###.........### #_..[...._#
#_m..H....#


You could see a cyclops.

Vanquished Creatures
  Sigmund (D)
  A centaur (D)
  An iguana (D)
  Ijyb (D)
  An orc (D)
  2 goblins (D)
  A hobgoblin (D)
  2 kobolds (D)
  2 bats (D)
12 creatures vanquished.

Notes
Turn   | Place    | Note
-------+----------+-------------------------------------------
     0 | D        | jerryfan the Gnoll Wanderer began the quest for the Orb.
     0 | D        | jerryfan set off with: a potion of lignification, a +0 robe, a +0 club, a potion of curing, a ration, a potion of heal wounds, a potion of haste, 2 potions of magic, a potion of berserk rage, a scroll of blinking
     0 | D        | Reached XP level 1. HP: 13/13 MP: 8/8
     3 | D        | Found a stormy altar of Qazlal.
     3 | D        | Found a shadowy altar of Dithmenos.
     4 | D        | Found a basalt altar of Yredelemnul.
     4 | D        | Found a radiant altar of Vehumet.
     5 | D        | Found a shimmering altar of Xom.
     5 | D        | Found a corrupted altar of Lugonu.
     5 | D        | Round 1.
     6 | D        | Found Isod's Distillery.
     6 | D        | Found a glowing golden altar of the Shining One.
     6 | D        | Found an ornate altar of the Wu Jian Council.
     6 | D        | Found Qoumunor's Do-It-Yourself Clinic.
     7 | D        | Found Uppiuwilee's Distillery.
     7 | D        | Found Peeduf's Bottled Wisdom.
     9 | D        | Found a burning altar of Makhleb.
    11 | D        | Found a roughly hewn altar of Beogh.
    12 | D        | Found Esorphuf's Weapon Rack.
    13 | D        | Found Oxem's Basic Armour.
    13 | D        | Found Asinwa's Miscellaneous Merchandise.
    14 | D        | Found an ancient bone altar of Kikubaaqudgha.
    14 | D        | Found an opulent altar of Gozag.
    14 | D        | Found a snail-covered altar of Cheibriados.
    14 | D        | Found Vuar Hio's Premium Goods.
    26 | D        | Found a glowing silver altar of Zin.
    27 | D        | Found a sacrificial altar of Ru.
    28 | D        | Found a viscous altar of Jiyva.
    29 | D        | Found Udiseobb's Identification Station.
    29 | D        | Found a hide-covered altar of Uskayaw.
    29 | D        | Found a blossoming altar of Fedhas.
    29 | D        | Found Zereng's Delicious Food.
    30 | D        | Found Zuugacej's Advanced Armour.
    30 | D        | Found Yxoax's Jewellery.
    33 | D        | Found an iron altar of Okawaru.
    34 | D        | Found a deep blue altar of Sif Muna.
    35 | D        | Found a bloodstained altar of Trog.
    36 | D        | Noticed an iguana
    36 | D        | Found Zifeb's Magic Scroll Shop.
    44 | D        | Killed an iguana
    44 | D        | Reached skill level 1 in Fighting
    44 | D        | Reached skill level 1 in Short Blades
    44 | D        | Reached skill level 1 in Long Blades
    44 | D        | Reached skill level 1 in Axes
    44 | D        | Reached skill level 1 in Maces & Flails
    44 | D        | Reached skill level 1 in Polearms
    44 | D        | Reached skill level 1 in Staves
    44 | D        | Reached skill level 1 in Slings
    44 | D        | Reached skill level 1 in Bows
    44 | D        | Reached skill level 1 in Crossbows
    44 | D        | Reached skill level 1 in Throwing
    44 | D        | Reached skill level 1 in Armour
    44 | D        | Reached skill level 1 in Dodging
    44 | D        | Reached skill level 1 in Stealth
    44 | D        | Reached skill level 1 in Unarmed Combat
    44 | D        | Reached skill level 1 in Conjurations
    44 | D        | Reached skill level 1 in Hexes
    44 | D        | Reached skill level 1 in Summonings
    44 | D        | Reached skill level 1 in Necromancy
    44 | D        | Reached skill level 1 in Transmutations
    44 | D        | Reached skill level 1 in Ice Magic
    44 | D        | Reached skill level 1 in Air Magic
    44 | D        | Reached skill level 1 in Earth Magic
    44 | D        | Reached skill level 1 in Poison Magic
    44 | D        | Reached XP level 2. HP: 22/22 MP: 10/10
    44 | D        | Reached XP level 3. HP: 27/27 MP: 11/11
    49 | D        | Found Ypiptel's Staff Store.
    50 | D        | Found Qishrol's Magic Scroll Shop.
    50 | D        | Found Zohuq's Must-Have Magic.
    81 | D        | Noticed Sigmund
    84 | D        | Killed Sigmund
    84 | D        | Reached skill level 8 in Spellcasting
    84 | D        | Reached XP level 4. HP: 37/37 MP: 12/14
    84 | D        | Reached XP level 5. HP: 42/42 MP: 12/15
   121 | D        | Bought a fine marble ring for 45 gold pieces
   121 | D        | Identified the cursed ring of Lugarcham {MR+ Int-3 Dex-2 Slay+2} (You bought it in a shop in the Dungeon)
   124 | D        | Bought a twitching amethyst amulet for 45 gold pieces
   124 | D        | Bought a glittering glass ring for 45 gold pieces
   124 | D        | Identified the ring of the Shining Light {Int+3 Slay-3 Stlth-} (You bought it in a shop in the Dungeon)
   126 | D        | Identified the amulet "Cekkent" {Acrobat rPois MR- Str+4} (You bought it in a shop in the Dungeon)
   173 | D        | Arena points: 12 (+12) [x2]
   203 | D        | Round 2.
   205 | D        | Noticed Ijyb
   211 | D        | Killed Ijyb
   236 | D        | Arena points: 54 (+42) [x3]
   278 | D        | Round 3.
   281 | D        | Noticed a centaur
   306 | D        | Killed a centaur
   306 | D        | Reached skill level 5 in Shields
   306 | D        | Reached skill level 5 in Evocations
   306 | D        | Reached XP level 6. HP: 23/49 MP: 17/17
   315 | D        | Noticed a cyclops
   315 | D        | Noticed a hippogriff
   322 | D        | Noticed a hippogriff
   322 | D        | Noticed a merfolk
   323 | D        | Hit by a large rock thrown by a cyclops

Vault maps used:
D:        arena_sprint

Skill      XL: |  1  2  3  4  5 |
---------------+----------------+-----
Charms         | 2 3 4 |  4.2
Translocations | 2 3 4 |  4.2
Fighting       | 1 3 4 |  4.3
Short Blades   | 1 3 4 |  4.3
Long Blades    | 1 3 4 |  4.3
Axes           | 1 3 4 |  4.3
Maces & Flails | 1 3 4 |  4.3
Polearms       | 1 3 4 |  4.3
Staves         | 1 3 4 |  4.3
Slings         | 1 3 4 |  4.3
Bows           | 1 3 4 |  4.3
Crossbows      | 1 3 4 |  4.3
Throwing       | 1 3 4 |  4.3
Armour         | 1 3 4 |  4.3
Dodging        | 1 3 4 |  4.3
Stealth        | 1 3 4 |  4.3
Shields        | 3 4 5 |  5.1
Unarmed Combat | 1 3 4 |  4.3
Conjurations   | 1 3 |  3.6
Hexes          | 1 3 |  3.6
Summonings     | 1 3 |  3.6
Necromancy     | 1 3 |  3.6
Transmutations | 1 3 |  3.6
Ice Magic      | 1 3 |  3.6
Air Magic      | 1 3 |  3.6
Earth Magic    | 1 3 |  3.6
Poison Magic   | 1 3 |  3.6
Invocations    | 2 4 |  4.8
Evocations     | 3 4 5 |  5.1
Spellcasting   | 8 |  8.4
Fire Magic     | 6 |  6.6

Action                   |  1- 3 |  4- 6 || total
-------------------------+-------+-------++-------
Melee: Club              |     1 |    11 ||    12
       Dagger            |       |    39 ||    39
       Bite              |       |     5 ||     5
 Fire: Shortbow          |       |     4 ||     4
Evoke: Wand              |     3 |     2 ||     5
  Use: Potion            |       |     1 ||     1
Armor: Leather armour    |       |     5 ||     5
       Robe              |       |     1 ||     1
Dodge: Dodged            |       |    33 ||    33

Table legend:
 A = Spawn XP
 B = Non-spawn XP
 C = Spawn XP percentage of total XP
 D = Spawn monster count
 E = Non-spawn monster count
 F = Spawn count percentage of total count
 G = Total turns spent on level
                    A         B        C        D         E        F      G
               +---------+---------+-------+---------+---------+-------+---------
         Total |       0 |     422 |   0.0 |       0 |      12 |   0.0 |   323
               +---------+---------+-------+---------+---------+-------+---------
             D |       0 |     422 |   0.0 |       0 |      12 |   0.0 |   323
               +---------+---------+-------+---------+---------+-------+---------
